 Dungeon Crawl Stone Soup version 0.17-a0-1842-gacc33f2 (webtiles) character file.

318 Ijustatesigmund the Skirmisher (level 6, -1/76 HPs)
             Began as a Demonspawn Berserker on Sept 17, 2015.
             Was a Priest of Trog.
             Slain by an ogre
             ... wielding a +0 giant club
              (10 damage)
             ... on level 4 of the Dungeon.
             The game lasted 00:07:58 (3802 turns).

Ijustatesigmund the Skirmisher (DsBe)               Turns: 3802, Time: 00:07:58

Health: -1/76      AC:  5    Str: 22    XL:     6   Next: 21%
Magic:  6/6        EV: 11    Int:  9    God:    Trog [***...]
Gold:   139        SH:  0    Dex: 14    Spells: 0 memorised, 5 levels left

rFire  . . .     SeeInvis .     a - +0 mace
rCold  . . .     Clarity  .     i - +0 ring mail
rNeg   . . .     SustAt   .     (no shield)
rPois  .         Gourm    .     (no helmet)
rElec  .         Spirit   .     (no cloak)
rCorr  .         Warding  .     (no gloves)
rMut   .         Stasis   .     (no boots)
MR     .....                    (no amulet)
Stlth  ..........               (no ring)
                                (no ring)

@: berserking, very quick, not resistant to hostile enchantments, extremely
unstealthy
A: claws 2, demonic guardian 1
a: Burn Spellbooks, Berserk, Trog's Hand, Renounce Religion


You were on level 4 of the Dungeon.
You worshipped Trog.
Trog was most pleased with you.
You were hungry.

You visited 1 branch of the dungeon, and saw 4 of its levels.

You collected 139 gold pieces.

Inventory:

Hand weapons
 a - a +0 mace (weapon)
Missiles
 p - 5 javelins (quivered)
Armour
 b - a +0 animal skin
 i - a +0 ring mail (worn)
Scrolls
 l - 2 scrolls of remove curse {unknown}
 o - a scroll of identify
Potions
 d - a potion of magic
 e - a potion of poison {unknown}
 g - 2 potions of brilliance
 h - 2 potions of curing
 k - a potion of berserk rage
Comestibles
 c - 2 bread rations
 f - a beef jerky
 j - a slice of pizza
 m - a royal jelly


   Skills:
 + Level 5.3 Fighting
 + Level 4.9 Maces & Flails
 - Level 1.7 Armour
 - Level 1.7 Dodging


You had 5 spell levels left.
You didn't know any spells.

Dungeon Overview and Level Annotations

Branches:
Dungeon (4/15)
 Temple: D:4-7

Altars:
Cheibriados
Elyvilon
Fedhas


Innate Abilities, Weirdness & Mutations

You have very sharp fingernails.
A weak demonic guardian rushes to your aid.


Message History

You swap places.
Your iron imp closely misses the ogre.
The ogre barely misses your iron imp.
All of the chunks of flesh in your inventory have rotted away.
Your iron imp hits the ogre.
The ogre hits your iron imp with a giant club!!
Your iron imp dies!
The ogre hits you with a giant club!
You barely miss the ogre.
The ogre is moderately wounded.
The ogre hits you with a giant club!
You hit the ogre.
The ogre is moderately wounded.
The ogre hits you with a giant club!
* * * LOW HITPOINT WARNING * * *
Use which ability?
A red film seems to cover your vision as you go berserk!
You feel yourself moving faster!
You feel mighty!
You are feeling hungry.
The ogre hits you with a giant club!
You die...

.#......#.#
.#<...#.#.#
.#.##.#.#.#
.#.##.#.#.#
.#.#....#.#
.#.######.# .#..
#.# ###
#.##############
#>......@...../.
#.#######O..####
#.# (...... #.#
....... #.#
.(..... #.#
....... #.#
....... ...
..(.#+#


You could see an ogre.

Vanquished Creatures
  Sigmund (D:2)
  An orc wizard (D:3)
  2 adders
  2 gnolls (D:2)
  An ooze (D:1)
  3 worms
  4 giant geckos
  4 orcs (D:3)
  5 bats
  3 giant cockroaches
  8 hobgoblins
  12 jackals
  A quokka (D:2)
  4 giant newts
  8 goblins
  9 kobolds
  4 rats
72 creatures vanquished.

Vanquished Creatures (collateral kills)
  A gnoll (D:2)
1 creature vanquished.

Vanquished Creatures (others)
  A quokka (D:3)
  A giant newt (D:3)
2 creatures vanquished.

Grand Total: 75 creatures vanquished

Notes
Turn   | Place    | Note
--------------------------------------------------------------
     0 | D:1      | Ijustatesigmund the Demonspawn Berserker began the quest for the Orb.
     0 | D:1      | Reached XP level 1. HP: 18/18 MP: 1/1
   156 | D:1      | Gained mutation: You have sharp fingernails. [demonic ancestry]
   156 | D:1      | Reached XP level 2. HP: 16/24 MP: 2/2
   789 | D:2      | Gained mutation: A weak demonic guardian rushes to your aid. [demonic ancestry]
   789 | D:2      | Reached XP level 3. HP: 20/30 MP: 3/3
   979 | D:2      | Reached skill level 4 in Fighting
  1210 | D:2      | Acquired Trog's second power
  1442 | D:2      | Reached XP level 4. HP: 30/37 MP: 4/4
  1567 | D:2      | Noticed Sigmund
  1990 | D:3      | Found a blossoming altar of Fedhas.
  2092 | D:3      | HP: 1/38 [kobold/uncursed whip (3)]
  2699 | D:3      | Reached XP level 5. HP: 31/43 MP: 5/5
  2700 | D:3      | Found a white marble altar of Elyvilon.
  3229 | D:2      | Found a snail-covered altar of Cheibriados.
  3359 | D:2      | Killed Sigmund
  3359 | D:2      | Reached skill level 5 in Fighting
  3359 | D:2      | Gained mutation: You have very sharp fingernails. [demonic ancestry]
  3359 | D:2      | Reached XP level 6. HP: 12/51 MP: 6/6
  3802 | D:4      | Slain by an ogre

Vault maps used:
D:1:      dpeg_arrival_more_subterranean_lakeside_camping
D:2:      cheibriados_altar_1, uniq_sigmund
D:3:      elyvilon_altar_4, fedhas_altar_3
D:4:      kennysheep_mini, first_bread, serial_bayou_pond_e, grunt_ministairs_7

Action                   |  1- 3 |  4- 6 || total
-------------------------+-------+-------++-------
Melee: Mace              |   123 |   154 ||   277
Throw: Javelin           |       |     3 ||     3
Invok: Berserk           |       |     3 ||     3
       Trog's Hand       |       |     2 ||     2
  Use: Scroll            |     3 |     5 ||     8
       Potion            |       |     1 ||     1
 Stab: Sleeping          |     1 |       ||     1
  Eat: Chunk             |     2 |     8 ||    10
       Beef jerky        |       |     1 ||     1
